 Dungeon Crawl Stone Soup version 0.17.2-1-ge4368a0 (webtiles) character file.

114 hurricos the Cutter (level 4, -4/23 HPs)
             Began as a Vine Stalker Berserker on July 4, 2018.
             Was a Priest of Trog.
             Killed by nerve-wracking pain
             ... invoked by a shadow imp
             ... summoned by Natasha
              (7 damage)
             ... on level 3 of the Dungeon.
             The game lasted 00:02:26 (1480 turns).

hurricos the Cutter (Vine Stalker Berserker)        Turns: 1480, Time: 00:02:26

Health: -4/23      AC:  6    Str: 18 (20) XL:     4   Next: 97%
Magic:  0/5        EV: 10    Int:  7      God:    Trog [***...]
Gold:   108        SH:  0    Dex: 14      Spells: 0 memorised, 3 levels left

rFire  . . .     SeeInvis .     a - +0 short sword
rCold  . . .     Clarity  .     i - +0 scale mail
rNeg   . . .     SustAt   .     (no shield)
rPois  .         Gourm    .     (no helmet)
rElec  .         Spirit   +     (no cloak)
rCorr  .         Warding  .     (no gloves)
rMut   .         Stasis   .     (no boots)
MR     .....                    (no amulet)
Stlth  ..........               (no ring)
                                (no ring)

@: not resistant to hostile enchantments, extremely unstealthy
A: fangs 2, regeneration 1, magic shield, antimagic bite, no device heal 3, rot
immunity
a: Berserk, Trog's Hand, Burn Spellbooks, Renounce Religion


You were on level 3 of the Dungeon.
You worshipped Trog.
Trog was most pleased with you.
You were not hungry.

You visited 1 branch of the dungeon, and saw 3 of its levels.

You collected 108 gold pieces.

Inventory:

Hand Weapons
 a - a +0 short sword (weapon)
Armour
 b - a +0 animal skin
 i - a +0 scale mail (worn)
Scrolls
 e - a scroll of enchant armour {unknown}
 g - a scroll of fear {unknown}
 k - a scroll of remove curse
 m - a scroll of random uselessness {unknown}
 n - a scroll of blinking {unknown}
 o - a scroll of amnesia {unknown}
 q - a scroll of identify {unknown}
Potions
 d - a potion of curing
Comestibles
 c - 2 bread rations
 f - 2 chunks of flesh
 l - 2 meat rations


   Skills:
 - Level 2.6 Fighting
 * Level 5.0 Short Blades
 - Level 1.5 Armour
 - Level 1.5 Dodging


You had 3 spell levels left.
You didn't know any spells.

Dungeon Overview and Level Annotations

Branches:
Dungeon (3/15)

Altars:
Kikubaaqudgha
Zin

Shops:
D:2 *

Annotations:
D:3 Natasha


Innate Abilities, Weirdness & Mutations

You have extremely sharp teeth.
Your natural rate of healing is unusually fast.
When hurt, damage is shared between your health and your magic reserves.
Your bite disrupts and absorbs the magic of your enemies.
Potions and wands cannot restore your health.
You are immune to rotting.


Message History

You see here an adder corpse.
You butcher the adder corpse.
You feel sick.
Natasha casts a spell.
You see here 2 chunks of flesh.
Eat which item? (? for menu, Esc to quit)
You can't eat that!
Unknown command.
Unknown command.
The white imp gestures at you. The puff of frost hits you!
* * * LOW HITPOINT WARNING * * *
Drink which item? (? for menu, Esc to quit)
You feel better.
The white imp grins evilly.
Read which item? (? for menu, Esc to quit)
Okay, then.
Unknown command.
The shadow imp gestures at you. Pain shoots through your body!
You die...

##........
##........##
#..........#
.......$.?.
#.$......
.##?.....#
........5#######
#.h5.%@...#
####..###.########
.#..
##...#........##...
###........(.#...##
######..........#
#......>.....
#............
#............
##....)......


You could see Natasha, a white imp and a shadow imp.

Vanquished Creatures
  Jessica (D:3)
  3 adders
  An ooze (D:1)
  A giant gecko (D:3)
  7 bats
  3 giant cockroaches (D:1)
  5 hobgoblins
  3 quokkas (D:2)
  2 giant newts
  7 goblins
  9 jackals
  9 kobolds
  9 rats
60 creatures vanquished.

Notes
Turn   | Place    | Note
--------------------------------------------------------------
     0 | D:1      | hurricos the Vine Stalker Berserker began the quest for the Orb.
     0 | D:1      | Reached XP level 1. HP: 11/11 MP: 2/2
    60 | D:1      | Reached skill level 3 in Short Blades
    66 | D:1      | Reached XP level 2. HP: 7/16 MP: 3/3
   337 | D:1      | Reached XP level 3. HP: 15/19 MP: 4/4
   398 | D:1      | Reached ** piety under Trog
   796 | D:2      | Reached skill level 4 in Short Blades
   845 | D:2      | Found Zin's Purification Station.
   848 | D:2      | Found a glowing silver altar of Zin.
  1227 | D:2      | Reached XP level 4. HP: 14/23 MP: 5/5
  1228 | D:2      | Found an ancient bone altar of Kikubaaqudgha.
  1362 | D:3      | Noticed Jessica
  1367 | D:3      | Reached *** piety under Trog
  1412 | D:3      | Killed Jessica
  1471 | D:3      | Reached skill level 5 in Short Blades
  1472 | D:3      | Noticed Natasha
  1480 | D:3      | Killed from afar by a shadow imp

Action                   |  1- 3 |  4- 6 || total
-------------------------+-------+-------++-------
Melee: Short sword       |   122 |    53 ||   175
Invok: Berserk           |     1 |     1 ||     2
  Use: Scroll            |     1 |       ||     1
       Potion            |       |     6 ||     6
 Stab: Sleeping          |     3 |       ||     3
  Eat: Chunk             |     2 |     2 ||     4
